 Seeded DCSS version 0.31.0-12-g77e489cdc1 (webtiles) character file.

Game seed: 2772133428319353497 (custom seed)

604 CInkIbrahim the Slasher (level 7, 0/36 (43) HPs)
             Began as an Octopode Shapeshifter on Feb 25, 2024.
             Slain by an orc wizard
             ... wielding a +2 dagger of draining
              (2 damage)
             ... on level 5 of the Dungeon.
             The game lasted 00:09:38 (3563 turns).

CInkIbrahim the Slasher (Octopode Shapeshifter)     Turns: 3563, Time: 00:09:39

HP:   0/36 (43)     AC:  1    Str: 13    XL:     7   Next: 42%
MP:   2/2           EV: 12    Int: 12    God:
Gold: 138           SH:  4    Dex: 14    Spells: 6/6 levels left

rFire   . . .        b - +5 rapier (antimagic)
rCold   . . .        h - +0 buckler
rNeg    . . .        (helmet currently unavailable)
rPois   .            (no amulet)
rElec   .            (no ring)
rCorr   .            (no ring)
SInv    .            (no ring)
Will    .....        (no ring)
Stlth   ++           (no ring)
HPRegen 0.26/turn    (no ring)
MPRegen 0.08/turn    (no ring)
                     (no ring)

%: no passive effects
@: beast-form, heavily drained
A: beast (slay +2), almost no armour, amphibious, 8 rings, camouflage 1,
gelatinous body 1, (nimble swimmer 1), tentacles
a: Begin Untransformation


You were on level 5 of the Dungeon.
You were a hulking beast.
You visited 1 branch of the dungeon, and saw 5 of its levels.

You collected 223 gold pieces.
You spent 85 gold pieces at shops.

Inventory:

Hand Weapons
 a - a +2 dagger of protection
 b - a +5 antimagic rapier (weapon)
 k - a +0 long sword
 v - a +2 quarterstaff of chaos
Missiles
 e - 11 poisoned darts (quivered)
Armour
 h - a +0 buckler (worn)
Jewellery
 s - a ring of resist corrosion
Talismans
 c - a flux talisman
 j - a beast talisman
Wands
 f - a wand of paralysis (9)
Scrolls
 g - a scroll of amnesia {unknown}
 m - a scroll of teleportation
 n - a scroll of fog {unknown}
 o - 2 scrolls of enchant weapon {unknown}
 p - a scroll of blinking
 r - a scroll of enchant armour {unknown}
 t - a scroll of identify
 u - a scroll of revelation {unknown}
Potions
 d - 6 potions of lignification
 i - a potion of heal wounds
 l - 2 potions of brilliance
 q - a potion of degeneration {unknown}


   Skills:
 - Level 1.0 Fighting
 * Level 5.9 Long Blades
 - Level 2.0 Dodging
 - Level 3.1 Unarmed Combat
 + Level 5.2 Shapeshifting


You had 6 spell levels left.
You didn't know any spells.
Your spell library contained the following spells:

 Spells                   Type           Power      Damage    Failure   Level
 Apportation              Tloc           0%         N/A       43%         1
 Jinxbite                 Hex            0%         N/A       56%         2
 Alistair's Intoxication  Alch           0%         N/A       100%        5
 Borgnjor's Vile Clutch   Necr/Erth      0%         N/A       100%        5
 Eringya's Noxious Bog    Alch           0%         4d6       100%        6


Dungeon Overview and Level Annotations

Branches:
Dungeon (5/15)
 Temple: D:4-7

Altars:
Dithmenos
Yredelemnul
Zin

Shops:
D:1 (:*=


Innate Abilities, Weirdness & Mutations

You are a hulking beast.
Your limbs bulge with bestial killing power. (Slay +2)
You cannot wear most types of armour.
You are amphibious.
You can wear up to eight rings at the same time.
Your skin changes colour to match your surroundings (Stealth+).
Your rubbery body absorbs attacks. (AC +1, EV +1)
((You are camouflaged when in or above water. (Stealth+)))
You have tentacles for arms and can constrict up to eight enemies at once.


Message History

An orc comes into view. It is wielding a +0 hand axe.
The orc wizard shouts!
The orc shouts!
The orc wizard gestures wildly while chanting.
The orc wizard flickers and vanishes!
Deactivating autopickup; reactivate with Ctrl-A.
You puncture the orc!
You kill the orc!
The orc barely misses you.
You hit the orc. Your grab misses the orc.
The orc is almost dead.
You hit the orc.
You kill the orc!
An iguana comes into view.
Found 8 gold pieces.
The orc barely misses you. Something hits you.
You feel drained.
The iguana moves out of view.
You closely miss the orc. You grab the orc. You squeeze the orc.
The orc is lightly wounded.
You constrict the orc, but do no damage.
The orc hits you with a +0 mace!
You hear some strange, mumbled words.
A magic dart appears from out of thin air!
The magic dart hits you. The orc closely misses you.
You hit the orc.
You kill the orc!
The orc closely misses you. Something hits you.
You feel drained.
You hit the orc. Your grab misses the orc. Your squeeze misses the orc.
The orc is lightly wounded.
The orc barely misses you. Something hits you.
You feel drained.
You closely miss the orc. Your grab misses the orc.
The orc is lightly wounded.
The orc hits you with a +0 hand axe. Something hits you.
You feel drained.
You are too injured to fight recklessly!
You closely miss something. Your squeeze misses something.
The orc hits you with a +0 hand axe. Something hits you.
* * * LOW HITPOINT WARNING * * *
You feel drained.
You hit something. The orc barely misses you. Something hits you.
* * * LOW HITPOINT WARNING * * *
You feel drained.
You die...

....##.#.............#
.........###.#.#.#.#.#
.....#...#...#.#.# # #
.....###.###.###.###.#
.... ..............#
.... #.............#
### ..###.###.###.#
#.. #.#.{...# # .#
#.###h###
.......)o...#
.............#
#.#.###.#.#..# # ..#.#
$# #.### # ... .##


You could see an orc.

Vanquished Creatures
  Eustachio (D:4)
  A phantom (D:4)
  A scorpion (D:4)
  A hound (D:4)
  Crazy Yiuf (D:4)
  Natasha (thrice) (D:2)
  3 orc wizards (D:3)
  Robin (D:4)
  4 adders
  A dart slug (D:3)
  A ribbon worm (D:3)
  6 orcs
  3 bats
  5 endoplasms
  5 giant cockroaches
  12 goblins
  10 hobgoblins
  8 kobolds
  A quokka (D:3)
  3 ball pythons
  3 frilled lizards
  5 rats
79 creatures vanquished.

Notes
Turn   | Place    | Note
-------+----------+-------------------------------------------
     0 | D:1      | CInkIbrahim the Octopode Shapeshifter began the quest for
                  | the Orb.
     0 | D:1      | Reached XP level 1. HP: 13/13 MP: 1/1
    36 | D:1      | Found Juistet's Book Shoppe.
   105 | D:1      | Found Bomy's Weapon Shoppe.
   170 | D:1      | Reached XP level 2. HP: 10/18 MP: 2/2
   255 | D:1      | Found Elluxon's One-of-a-Kind Rings.
   482 | D:1      | Reached skill level 1 in Long Blades
   525 | D:1      | Found Akhaut's Assorted Antiques.
   532 | D:1      | Bought a sapphire potion for 19 gold pieces
   733 | D:2      | Reached XP level 3. HP: 23/23 MP: 3/3
   890 | D:2      | Found a glowing silver altar of Zin.
  1092 | D:2      | Found a faded altar of an unknown god.
  1280 | D:2      | Noticed Natasha
  1288 | D:2      | Killed Natasha
  1289 | D:2      | Reached XP level 4. HP: 17/28 MP: 4/4
  1781 | D:2      | Noticed Natasha
  1791 | D:2      | Killed Natasha
  1979 | D:2      | Noticed Natasha
  1998 | D:2      | Killed Natasha
  1999 | D:2      | Reached XP level 5. HP: 33/33 MP: 5/5
  2107 | D:1      | Bought a scroll labelled MUZXINK WATAOR for 22 gold pieces
  2107 | D:1      | Bought a scroll labelled LUDEOCH YDYISU for 22 gold pieces
  2107 | D:1      | Bought a scroll labelled MAOSCH YTOATHA for 22 gold pieces
  2499 | D:3      | Reached XP level 6. HP: 35/38 MP: 6/6
  2643 | D:3      | Found a basalt altar of Yredelemnul.
  2646 | D:3      | Found a shadowy altar of Dithmenos.
  2883 | D:4      | Noticed Robin
  2909 | D:4      | Noticed Eustachio
  2921 | D:4      | Killed Eustachio
  2954 | D:4      | Reached skill level 5 in Long Blades
  2963 | D:4      | Killed Robin
  3162 | D:4      | Reached skill level 5 in Shapeshifting
  3162 | D:4      | Reached XP level 7. HP: 27/43 MP: 2/7
  3267 | D:4      | Found a runed translucent door.
  3268 | D:4      | Noticed Crazy Yiuf
  3487 | D:4      | Killed Crazy Yiuf
  3528 | D:5      | Entered Level 5 of the Dungeon
  3563 | D:5      | Slain by an orc wizard

Illustrated notes

Levels and vault maps discovered:
D:1:      minmay_arrival_checkered_box, layout_basic, serial_shops,
          nicolae_shop_hallway_stairs, shop, shop, st_stairs_13,
          nicolae_shop_unique_rings, hex_medium
D:2:      layout_loops_corners, dilly_ecumenical_altar_fadedgnrine, basic_altar,
          dk_noncrumbling_4, uniq_natasha
D:3:      layout_basic, chequers_temple_overflow_statue_of_worship,
          hangedman_decor_push, minivault_25
D:4:      layout_rooms, uniq_eustachio, uniq_robin, uniq_crazy_yiuf_cottage
D:5:      layout_basic, hangedman_decor_slide_cut, minmay_misc_feat_nine_boxes

Skill      XL: |  1  2  3  4  5  6 |
---------------+-------------------+-----
Long Blades    | 1 2 3 4 5 |  5.9
Shapeshifting  | 4 5 |  5.2
Fighting       | |  1.0
Dodging        | |  2.0
Unarmed Combat | |  3.1

Action                     |  1- 3 |  4- 6 |  7- 9 || total
---------------------------+-------+-------+-------++-------
  Melee: Dagger            |    53 |    91 |       ||   144
         Unarmed           |     4 |       |       ||     4
         Tentacles         |     6 |    22 |     3 ||    31
         Constrict         |    11 |    19 |     3 ||    33
         Punch             |     1 |     6 |       ||     7
         Rapier            |       |     8 |    23 ||    31
    Use: Scroll            |     2 |     4 |       ||     6
         Potion            |       |     2 |       ||     2
   Stab: Sleeping          |     5 |     4 |       ||     9
         Distracted        |       |     1 |       ||     1
 Armour: Skin              |    21 |    49 |    17 ||    87
  Dodge: Dodged            |    25 |    39 |    11 ||    75
  Block: Buckler           |       |     8 |       ||     8
